 Dungeon Crawl Stone Soup version 0.27-a0-797-g27d10ad80f (webtiles) character file.

Game seed: 15665427523653746118

91 polve the Slasher (level 4, -5/35 HPs)
             Began as a Demonspawn Abyssal Knight on Mar 27, 2021.
             Was a Follower of Lugonu.
             Slain by a gnoll
             ... wielding a +0 spear
              (9 damage)
             ... on level 2 of the Dungeon.
             The game lasted 00:02:20 (3543 turns).

polve the Slasher (Demonspawn Abyssal Knight)       Turns: 3543, Time: 00:02:21

Health: -5/35      AC:  3    Str: 12    XL:     4   Next: 34%
Magic:  5/5        EV: 11    Int: 15    God:    Lugonu [*.....]
Gold:   62         SH:  0    Dex: 12    Spells: 3/3 levels left

rFire    . . .     SeeInvis .   a - +1 falchion
rCold    . . .     Faith    .   (no shield)
rNeg     . . .     Spirit   .   b - +0 leather armour
rPois    .         Reflect  .   (helmet restricted)
rElec    .         Harm     .   (no cloak)
rCorr    .         Rampage  .   (no gloves)
Will     .....                  (no boots)
Stlth    +.........             (no amulet)
HPRegen  0.11/turn              (no ring)
MPRegen  0.18/turn              (no ring)

@: about to teleport
A: horns 1, magic regeneration
a: Renounce Religion, Depart the Abyss


You were on level 2 of the Dungeon.
You worshipped Lugonu.
Lugonu was aware of your devotion.
You visited 1 branch of the dungeon, and saw 2 of its levels.
You visited the Abyss 1 time.

You collected 62 gold pieces.

Inventory:

Hand Weapons
 a - a +1 falchion (weapon)
Armour
 b - a +0 leather armour (worn)
Jewellery
 c - a ring of protection from cold
 e - a ring of magical power
Potions
 f - 2 potions of flight


   Skills:
 + Level 3.4 Fighting
 * Level 3.9 Long Blades
 - Level 1.7 Armour
 - Level 0.8 Dodging
 - Level 2.4 Invocations


You had 3 spell levels left.
You didn't know any spells.
Your spell library contained the following spells:

 Spells                   Type           Power      Damage    Failure   Level
 Passwall                 Tmut/Erth      0%         N/A       45%         2
 Swiftness                Air            0%         N/A       45%         2
 Confusing Touch          Hex            0%         N/A       71%         3
 Gell's Gravitas          Tloc           0%         N/A       71%         3
 Passage of Golubria      Tloc           N/A        N/A       98%         4
 Petrify                  Tmut/Erth      0%         N/A       98%         4
 Lee's Rapid Deconstruct  Erth           0%         3d5*      100%        5
 Metabolic Englaciation   Hex/Ice        0%         N/A       100%        5
 Yara's Violent Unravell  Hex/Tmut       0%         3d3       100%        5
 Invisibility             Hex            0%         N/A       100%        6


Dungeon Overview and Level Annotations

Branches:
Dungeon (2/15)

Altars:


Innate Abilities, Weirdness & Mutations

You have a pair of small horns on your head.
You regenerate magic rapidly.


Message History

No target in view!
A gnoll is nearby!
The gnoll hits you from afar with a +0 spear.
The gnoll barely misses you.
You riposte.
You closely miss the gnoll. You hit the gnoll.
The gnoll is moderately wounded.
The gnoll hits you with a +0 spear.
You hit the gnoll.
The gnoll is moderately wounded.
The gnoll misses you.
You hit the gnoll.
You headbutt the gnoll, but do no damage.
The gnoll is heavily wounded.
The gnoll hits you with a +0 spear.
You hit the gnoll.
The gnoll is almost dead.
The gnoll hits you with a +0 spear!
You closely miss the gnoll.
You headbutt the gnoll, but do no damage.
The gnoll is almost dead.
The gnoll hits you but does no damage.
You slash the gnoll!
You kill the gnoll!
Lugonu accepts your kill. The gnoll hits you but does no damage.
The gnoll hits you from afar with a +0 spear!
* * * LOW HITPOINT WARNING * * *
You see here a +0 spear.
The gnoll shouts!
Okay, then.
As you read the scroll labelled BUIKERGHOBBE, it crumbles to dust.
You feel strangely unstable.
It was a scroll of teleportation.
The gnoll hits you from afar with a +0 spear.
* * * LOW HITPOINT WARNING * * *
You hit the gnoll.
The gnoll is moderately wounded.
The gnoll closely misses you.
You riposte.
You closely miss the gnoll.
The gnoll is moderately wounded.
The gnoll hits you from afar with a +0 spear!
You die...

#.##.......#
#.##.###...######
#.##.# ###......#
#.##.# ######.#
##.##.###### #.#
...........# #.#
.#.##.####.# #.#
.#.##.# #.# ##g#
.#.##.# #.# #.@#
...##.# #.# #.##
..###.####.# #g#
..###....#.# #.#
..(..<.<.#.# #.#
.)########.# #)#
..# #.# #g#
..########.# #.#
...........# #.#


You could see 3 gnolls.

Vanquished Creatures
  3 gnolls
  An adder (D:2)
  An ufetubus (Abyss:1)
  A worm (D:2)
  6 endoplasms
  A giant cockroach (D:2)
  4 hobgoblins
  8 jackals
  5 kobolds
  A quokka (D:2)
  3 ball pythons
  3 bats (D:1)
  3 goblins (D:1)
  3 rats
43 creatures vanquished.

Notes
Turn   | Place    | Note
-------+----------+-------------------------------------------
     0 | Abyss:1  | polve the Demonspawn Abyssal Knight began the quest for the
                  | Orb.
     0 | Abyss:1  | Reached XP level 1. HP: 18/18 MP: 2/2
    40 | Abyss:1  | Noticed a tentacled starspawn
    81 | Abyss:1  | Noticed a large abomination
    82 | D:1      | Escaped the Abyss
   390 | D:1      | Gained mutation: You regenerate magic rapidly. [demonic
                  | ancestry]
   390 | D:1      | Reached XP level 2. HP: 15/24 MP: 3/3
   904 | D:1      | Reached * piety under Lugonu
  1723 | D:1      | Reached XP level 3. HP: 29/29 MP: 4/4
  1997 | D:2      | HP: 1/29 [gnoll/+0 spear (7)]
  2855 | D:2      | Gained mutation: You have a pair of small horns on your
                  | head. [demonic ancestry]
  2855 | D:2      | Reached XP level 4. HP: 12/35 MP: 5/5
  3543 | D:2      | Slain by a gnoll

Illustrated notes

Levels and vault maps discovered:
D:1:      scummos_arrival_simple_fountains, layout_loops_corners
D:2:      layout_loops_ring

Skill      XL: |  1  2 |
---------------+-------+-----
Long Blades    | 2 3 |  3.9
Fighting       | |  3.4
Armour         | |  1.7
Dodging        | |  0.8
Invocations    | |  2.4

Action                   |  1- 3 |  4- 6 || total
-------------------------+-------+-------++-------
Melee: Falchion          |   122 |    16 ||   138
       Headbutt          |       |     5 ||     5
Invok: Depart the Abyss  |     1 |       ||     1
  Use: Scroll            |     1 |     1 ||     2
       Potion            |     1 |     1 ||     2
 Stab: Sleeping          |     1 |       ||     1
Armor: Leather armour    |    36 |     2 ||    38
Dodge: Dodged            |    95 |     9 ||   104
       Rpst.: Falchion   |    32 |     4 ||    36

Table legend: (Time is in decaauts)
 A = Elapsed time spent in this place.
 B = Non-inter-level travel time spent in this place.
 C = Inter-level travel time spent in this place.
 D = Time resting spent in this place.
 E = Time spent auto-exploring this place.
 F = Levels seen in this place.
 G = Mean time per level.
                   A        B        C        D        E       F      G
               +--------+--------+--------+--------+--------+-----+--------+
         Total |   3565 |   3412 |    153 |    302 |   2666 |   3 | 1188.3 |
       Dungeon |   3482 |   3329 |    153 |    302 |   2611 |   2 | 1741.0 |
         Abyss |     83 |     83 |      0 |      0 |     55 |   1 |   83.0 |
               +--------+--------+--------+--------+--------+-----+--------+

Top non-repeatable levels by time:
     D:1: 2492 daAuts
     D:2: 990 daAuts
 Abyss:1: 83 daAuts
